 Dungeon Crawl Stone Soup version 0.28-a0-1382-g92835e5c71 (webtiles) character file.

Game seed: 1533174392803153797

74 ders the Magician (level 4, -6/31 HPs)
             Began as a Djinni Fire Elementalist on Jan 1, 2022.
             Mangled by an orc (8 damage)
             ... on level 3 of the Dungeon.
             The game lasted 00:01:38 (2621 turns).

ders the Magician (Djinni Fire Elementalist)        Turns: 2621, Time: 00:01:39

Health: -6/31      AC:  2    Str:  7    XL:     4   Next: 54%
Gold:   47         EV: 12    Int: 18    God:
                   SH:  0    Dex: 14

rFire   + + .      SeeInvis .   (no weapon)
rCold   x . .      Faith    .   (no shield)
rNeg    . . .      Spirit   .   a - +0 robe
rPois   ∞          Reflect  .   (no helmet)
rElec   .          Harm     .   (no cloak)
rCorr   .          Rampage  .   (no gloves)
Will    .....                   (boots unavailable)
Stlth   ++........              (no amulet)
HPRegen 0.10/turn               (no ring)
MPRegen 0.00/turn               (no ring)

@: flying
A: sickness immunity, fire resistance 2, cold vulnerability 1, float, innate
caster, hp casting, extra vitality 1
a: no special abilities


You were on level 3 of the Dungeon.
You visited 1 branch of the dungeon, and saw 3 of its levels.

You collected 47 gold pieces.

Inventory:

Armour
 a - a +0 robe (worn)
Jewellery
 f - a +4 ring of evasion
Scrolls
 b - a scroll of fog {unknown}
 d - a scroll of vulnerability {unknown}
Potions
 c - a potion of mutation {unknown}
 e - 2 potions of curing {unknown}


   Skills:
 - Level 2.1 Dodging
 - Level 1.5 Stealth
 + Level 3.9 Spellcasting


You couldn't memorise any spells.
You knew the following spells:

 Your Spells              Type           Power      Damage    Failure   Level
a - Foxfire               Conj/Fire      68%        2x1d7     3%          1
b - Scorch                Fire           34%        2d7       4%          2
c - Conjure Flame         Conj/Fire      17%        6-21      9%          3
d - Inner Flame           Hex/Fire       17%        N/A       9%          3
e - Flame Wave            Conj/Fire      17%        2d5       28%         4
f - Freeze                Ice            68%        1d8       3%          1
Your spell library was empty.

Dungeon Overview and Level Annotations

Branches:
Dungeon (3/15)

Altars:

Shops:
D:1 !


Innate Abilities, Weirdness & Mutations

You are immune to sickness and miasma.
You are immune to poison.
Your flesh is very heat resistant. (rF++)
You are vulnerable to cold. (rC-)
You float through the air rather than walking.
You learn spells naturally, not from books.
Your magical power is your life essence.
You have superior vitality. (+4 MHP)


Message History

Flames lash the hobgoblin.
You kill the hobgoblin!
An orc comes into view. It is wielding a +0 morningstar.
The orc closely misses you.
Unknown command.
Casting: Scorch (safe; 4% risk of failure)
Confirm with . or Enter, or press ? or * to list all spells.
Flames lash the orc.
You kill the orc!
Unknown command.
Casting: Scorch (safe; 4% risk of failure)
Confirm with . or Enter, or press ? or * to list all spells.
Flames lash the orc wizard.
The orc wizard is lightly wounded.
The orc wizard's fire resistance burns away.
The orc barely misses you. The orc hits you with a +0 flail!
An orc comes into view. It is wielding a +0 dagger.
Unknown command.
Casting: Scorch (safe; 4% risk of failure)
Confirm with . or Enter, or press ? or * to list all spells.
Flames lash the orc.
The orc is heavily wounded.
The orc's fire resistance burns away.
The orc hits you with a +0 flail.
The orc wizard is no longer more vulnerable to fire.
The orc barely misses you.
Unknown command.
Casting: Scorch (safe; 4% risk of failure)
Confirm with . or Enter, or press ? or * to list all spells.
Flames lash the orc wizard.
The orc wizard is moderately wounded.
The orc wizard's fire resistance burns away.
* * * LOW HITPOINT WARNING * * *
The orc misses you.
The orc is no longer more vulnerable to fire.
The orc hits you with a +0 flail!
* * * LOW HITPOINT WARNING * * *
Unknown command.
The orc hits you with a +0 flail!
You die...

#<#####
#>(..[#
#####.#
#.# #.#
#.# #.#
#.#
#@###o####
#.o)oo....
#####†####


You could see an orc wizard (combustible) and 2 orcs.

Vanquished Creatures
  2 adders (D:2)
  A gnoll (D:1)
  An orc (D:3)
  6 bats
  5 endoplasms
  4 giant cockroaches
  3 goblins
  4 hobgoblins
  3 jackals (D:2)
  3 kobolds (D:1)
  4 quokkas (D:1)
  A frilled lizard (D:2)
  4 rats
41 creatures vanquished.

Vanquished Creatures (others)
  62 foxfires (D:1)
62 creatures vanquished.

Grand Total: 103 creatures vanquished

Notes
Turn   | Place    | Note
-------+----------+-------------------------------------------
     0 | D:1      | ders the Djinni Fire Elementalist began the quest for the
                  | Orb.
     0 | D:1      | Reached XP level 1. HP: 15/15 MP: 0/0
   419 | D:1      | Reached skill level 3 in Spellcasting
   419 | D:1      | Reached XP level 2. HP: 13/21 MP: 0/0
   649 | D:1      | Reached XP level 3. HP: 22/25 MP: 0/0
   649 | D:1      | Learned a level 1 spell: Freeze
  1259 | D:1      | Found Kock's Distillery.
  1746 | D:2      | Reached XP level 4. HP: 25/31 MP: 0/0
  2216 | D:2      | Found a faded altar of an unknown god.
  2621 | D:3      | Mangled by an orc

Illustrated notes

Levels and vault maps discovered:
D:1:      roderic_chinese_lattice_arrival, layout_basic, serial_shops,
          nicolae_square_shop, minmay_unequal
D:2:      layout_loops_ring, serial_forest, infiniplex_forest_lined_2,
          infiniplex_forest_straight_1, infiniplex_forest_clump_C,
          infiniplex_forest_clump_diagonal, infiniplex_forest_lined_3,
          infiniplex_forest_end_2, infiniplex_forest_straight_2,
          infiniplex_forest_straight_3, infiniplex_forest_straight_4,
          nicolae_ecumenical_oubliette
D:3:      layout_loops_ring, mainiacjoe_overflow_big_doors,
          uniq_crazy_yiuf_cottage, uniq_jessica, uniq_sigmund

Skill      XL: |  1 |
---------------+----+-----
Spellcasting   | 3 |  3.9
Dodging        | |  2.1
Stealth        | |  1.5

Action                   |  1- 3 |  4- 6 || total
-------------------------+-------+-------++-------
Melee: Unarmed           |     1 |       ||     1
 Cast: Foxfire           |    39 |       ||    39
       Scorch            |    14 |    15 ||    29
Armor: Robe              |     3 |     1 ||     4
Dodge: Dodged            |     6 |     5 ||    11

Table legend: (Time is in decaauts)
 A = Elapsed time spent in this place.
 B = Non-inter-level travel time spent in this place.
 C = Inter-level travel time spent in this place.
 D = Time resting spent in this place.
 E = Time spent auto-exploring this place.
 F = Levels seen in this place.
 G = Mean time per level.
                   A        B        C        D        E       F      G
               +--------+--------+--------+--------+--------+-----+--------+
         Total |   2620 |   2518 |    102 |      0 |   2285 |   3 |  873.3 |
       Dungeon |   2620 |   2518 |    102 |      0 |   2285 |   3 |  873.3 |
               +--------+--------+--------+--------+--------+-----+--------+

Top non-repeatable levels by time:
     D:1: 1508 daAuts
     D:2: 1088 daAuts
     D:3: 23 daAuts
